 Dungeon Crawl Stone Soup version 0.30.0-29-ga12c61a403 (webtiles) character file.

Game seed: 14773200235472311831

2900 JanusIIV the Skirmisher (level 9, -12/54 HPs)
             Began as a Deep Elf Hunter on June 6, 2023.
             Was a Follower of Dithmenos.
             Mangled by an orc high priest
             ... wielding a +0 broad axe
              (16 damage)
             ... in a bailey.
             The game lasted 00:13:18 (6898 turns).

JanusIIV the Skirmisher (Deep Elf Hunter)           Turns: 6898, Time: 00:13:19

Health: -12/54     AC:  5    Str:  8    XL:     9   Next: 49%
Magic:  11/11      EV: 15    Int: 15    God:    Dithmenos [*.....]
Gold:   310        SH:  0    Dex: 22    Spells: 8/8 levels left

rFire   . . .        a - +0 shortbow
rCold   + . .        (shield currently unavailable)
rNeg    . . .        m - +0 leather armour {rC+}
rPois   .            (no helmet)
rElec   .            x - +0 cloak
rCorr   .            w - +0 pair of gloves
SInv    .            (no boots)
Will    +....        (no amulet)
Stlth   ++++         c - ring of willpower
HPRegen 0.29/turn    (no ring)
MPRegen 0.12/turn

%: no passive effects
@: about to teleport, wreathed by umbra, invisible
A: no striking features
a: Renounce Religion


You were in a bailey.
You worshipped Dithmenos.
Dithmenos was aware of your devotion.
You visited 2 branches of the dungeon, and saw 8 of its levels.
You also visited: Bailey.

You collected 310 gold pieces.

Inventory:

Hand Weapons
 a - a +0 shortbow (weapon)
Armour
 m - a +0 leather armour of cold resistance (worn)
 w - a +0 pair of gloves (worn)
 x - a +0 cloak (worn)
 G - the +0 ring mail of the Foremost Brambles {rN+ Will+++ Regen+ Str-5}
   (You found it on level 7 of the Dungeon)

   Str:       It affects your strength (-5).
   rN:        It protects you from negative energy.
   Regen:     It increases your rate of health regeneration.
   Will:      It greatly increases your willpower.
Jewellery
 c - a ring of willpower (left hand)
 f - an amulet of magic regeneration
 t - a ring of ice
Wands
 v - a wand of roots (15)
 D - a wand of polymorph (7)
Scrolls
 b - a scroll of immolation
 d - 5 scrolls of identify
 g - a scroll of fear {unknown}
 i - 2 scrolls of amnesia
 k - a scroll of enchant weapon {unknown}
 n - a scroll of torment
 r - a scroll of enchant armour {unknown}
 y - a scroll of magic mapping
 z - a scroll of blinking {unknown}
 B - a scroll of fog {unknown}
 C - a scroll of noise {unknown}
 E - a scroll of acquirement {unknown}
Potions
 o - 2 potions of invisibility
 p - a potion of ambrosia
 q - 2 potions of lignification
 s - a potion of resistance {unknown}
 u - 2 potions of degeneration
 A - a potion of cancellation {unknown}
 F - a potion of flight {unknown}


   Skills:
 - Level 5.0 Fighting
 + Level 13.4 Ranged Weapons
 - Level 3.0 Armour
 + Level 5.3 Dodging
 + Level 5.4 Stealth


You had 8 spell levels left.
You didn't know any spells.
Your spell library contained the following spells:

 Spells                   Type           Power      Damage    Failure   Level
 Static Discharge         Conj/Air       0%         2-2/arc   50%         2
 Tukima's Dance           Hex            0%         N/A       75%         3
 Airstrike                Air            0%         2d(0-16)  98%         4
 Passage of Golubria      Tloc           0%         N/A       98%         4
 Summon Lightning Spire   Summ/Air       0%         N/A       98%         4
 Yara's Violent Unravell  Hex/Tmut       0%         3d3       100%        5


Dungeon Overview and Level Annotations

Branches:
Dungeon (7/15)             Temple (1/1) D:6          Bailey (1/1)

Altars:
Ashenzari
Cheibriados
Dithmenos
Elyvilon
Fedhas
Gozag
Hepliaklqana
Makhleb
Nemelex Xobeh
Okawaru
Ru
Uskayaw
Vehumet
Wu Jian
Yredelemnul
The Shining One

Shops:
D:2 *!

Annotations:
D:4 3 runed translucent doors, Fractals's ghost, amateur DrBr


Message History

The arrow closely misses the orc high priest.
The orc high priest hits you but does no damage.
You shoot an arrow. The arrow hits the orc high priest.
The orc high priest is moderately wounded.
The orc high priest hits you with a +0 broad axe.
You shoot an arrow.
The arrow closely misses the orc high priest.
The orc high priest barely misses you.
You shoot an arrow.
The arrow closely misses the orc high priest.
The orc high priest hits you with a +0 broad axe!
You shoot an arrow.
The arrow closely misses the orc high priest.
The orc high priest barely misses you.
You shoot an arrow.
The arrow closely misses the orc high priest.
The orc high priest hits you with a +0 broad axe!
You shoot an arrow. The arrow hits the orc high priest.
The orc high priest is moderately wounded.
The orc high priest barely misses you.
You shoot an arrow. The arrow hits the orc high priest.
The orc high priest is heavily wounded.
The orc high priest calls down the wrath of Beogh upon you.
Beogh smites you!
* * * LOW HITPOINT WARNING * * *
You shoot an arrow. The arrow hits the orc high priest!
The orc high priest is heavily wounded.
As you read the scroll of teleportation, it crumbles to dust.
You feel strangely unstable.
The orc high priest starts to sing a prayer.
The orc high priest misses you.
You fade into invisibility!
The orc high priest misses you.
You shoot an arrow.
The arrow closely misses the orc high priest.
The orc high priest misses you.
You shoot an arrow.
The arrow closely misses the orc high priest.
The orc high priest hits you with a +0 broad axe!
You die...

..# #).# ..#
#..# ..#
#..# ..#
#).# +##
##'#+#
#[.).# #
#....#
.######..###
∩......o@+
~~~~~~####
≈≈≈≈≈≈ ≈≈≈S≈
≈≈≈≈≈ ≈≈≈≈ ≈


You could see an orc high priest (unable to see you).

Vanquished Creatures
  Grinder (D:3)
  A wraith (D:6)
  5 orc warriors (Bailey)
  An ice beast (D:5)
  2 sky beasts
  A centaur (D:5)
  3 phantoms
  3 scorpions
  5 wights (D:5)
  4 killer bees
  3 orc priests (D:4)
  3 jellies
  4 hounds
  5 iguanas
  A sleepcap (D:4)
  5 orc wizards
  11 adders
  3 gnolls
  A shadow imp (D:7)
  A white imp (D:5)
  An ufetubus (D:3)
  2 worms
  5 dart slugs
  30 orcs
  7 endoplasms
  6 giant cockroaches
  17 goblins
  8 hobgoblins
  6 jackals
  4 quokkas
  5 ball pythons
  8 bats
  7 frilled lizards
  7 kobolds
  4 rats
180 creatures vanquished.

Notes
Turn   | Place    | Note
-------+----------+-------------------------------------------
     0 | D:1      | JanusIIV the Deep Elf Hunter began the quest for the Orb.
     0 | D:1      | Reached XP level 1. HP: 12/12 MP: 3/3
   183 | D:1      | Reached XP level 2. HP: 17/17 MP: 4/4
   576 | D:1      | Reached skill level 6 in Ranged Weapons
   581 | D:1      | Found a faded altar of an unknown god.
   650 | D:2      | Reached XP level 3. HP: 21/21 MP: 5/5
   693 | D:2      | Found Herobawu's General Store.
   746 | D:2      | Found Neokysak's Distillery.
   775 | D:2      | Identified the +1 hand axe "Edoh" {freeze, rF+ Will- Str+4
                  | Stlth+}
  1014 | D:2      | Reached XP level 4. HP: 27/27 MP: 6/6
  1260 | D:3      | Noticed Grinder
  1261 | D:3      | Paralysed by Grinder for 4 turns
  1271 | D:3      | Paralysed by Grinder for 3 turns
  1295 | D:3      | Killed Grinder
  1296 | D:3      | Reached skill level 7 in Ranged Weapons
  1296 | D:3      | Reached XP level 5. HP: 16/33 MP: 7/7
  1296 | D:3      | Reached XP level 6. HP: 19/38 MP: 8/8
  1563 | D:3      | You fall into a shaft and drop 1 floor!
  1611 | D:4      | Reached skill level 8 in Ranged Weapons
  1643 | D:4      | Reached XP level 7. HP: 44/44 MP: 9/9
  1815 | D:3      | Reached skill level 9 in Ranged Weapons
  2423 | D:4      | Reached skill level 5 in Fighting
  2505 | D:4      | Found a runed translucent gate.
  2506 | D:4      | Found a runed translucent gate.
  2508 | D:4      | Found a runed translucent gate.
  2509 | D:4      | Noticed Fractals's ghost (amateur DrBr)
  2629 | D:5      | Entered Level 5 of the Dungeon
  2689 | D:5      | Found a radiant altar of Vehumet.
  2707 | D:5      | Found an iron altar of Okawaru.
  2772 | D:5      | Reached skill level 10 in Ranged Weapons
  3029 | D:5      | Reached skill level 1 in Armour
  3033 | D:5      | Reached XP level 8. HP: 49/49 MP: 10/10
  3102 | D:5      | Found a sparkling altar of Nemelex Xobeh.
  4443 | D:6      | Found a staircase to the Ecumenical Temple.
  4453 | Temple   | Entered the Ecumenical Temple
  4461 | Temple   | Became a worshipper of Dithmenos the Shadowed
  4785 | D:6      | Reached skill level 11 in Ranged Weapons
  4868 | D:6      | Reached skill level 5 in Dodging
  4868 | D:6      | Reached skill level 5 in Stealth
  4940 | D:6      | Found a blossoming altar of Fedhas.
  4982 | D:6      | Reached XP level 9. HP: 54/54 MP: 11/11
  5753 | D:7      | Found a broken altar of Ashenzari.
  5753 | D:7      | Found an ornate altar of the Wu Jian Council.
  5754 | D:7      | Found a burning altar of Makhleb.
  5794 | D:7      | Reached skill level 12 in Ranged Weapons
  5819 | D:7      | Identified the +0 ring mail of the Foremost Brambles {rN+
                  | Will+++ Regen+ Str-5}
  6042 | D:7      | Found a flagged portal.
  6043 | D:7      | Reached * piety under Dithmenos
  6138 | Bailey   | Entered a bailey
  6425 | Bailey   | Reached skill level 13 in Ranged Weapons
  6875 | Bailey   | Noticed an orc high priest
  6898 | Bailey   | Mangled by an orc high priest

Illustrated notes

Levels and vault maps discovered:
D:1:      matt_arrival_diagonals, layout_basic, chequers_ecumenical_altar_lobes
D:2:      layout_basic, serial_shops, nicolae_shop_statue_plus, shop
D:3:      minmay_thinvault, layout_rooms, uniq_grinder
D:4:      layout_basic, gammafunk_ghost_necromancy,
          chequers_serial_rivers_micro_c
D:5:      kb_forest_paths, layout_layer_cave, old_standard_altar,
          okawaru_ov_weapons_minmay, fiery_altar_vehumet, minivault_5,
          minmay_misc_feat_columns
D:6:      layout_basic, fedhas_altar_fruit_tree, minmay_temple_entry_water_ring,
          minmay_misc_feat_tiny
D:7:      kennysheep_housing_project, layout_gridville,
          chequers_temple_overflow_statue_of_worship, enter_bailey_5
Temple:   compressed_dpeg_triangle_lava_temple
Bailey:   bailey_axe_of_yendor_kennysheep, bailey

Skill      XL: |  1  2  3  4  5  6  7  8  9 |
---------------+----------------------------+-----
Fighting       | 2 3 4 5 |  5.0
Ranged Weapons | 6 7 8 10 11 13 | 13.4
Stealth        | 2 5 |  5.4
Armour         | 1 3 |  3.0
Dodging        | 3 5 |  5.3

Action                     |  1- 3 |  4- 6 |  7- 9 || total
---------------------------+-------+-------+-------++-------
   Fire: Shortbow          |    79 |   105 |   496 ||   680
    Use: Scroll            |       |       |    12 ||    12
         Potion            |       |       |    10 ||    10
 Armour: Leather armour    |     4 |     8 |    48 ||    60
  Dodge: Dodged            |    16 |    25 |   222 ||   263
